 Dungeon Crawl Stone Soup version 0.31-a0-4-gefa6de2278 (webtiles) character file.

Game seed: 6937050992052981180

123 jasper the Digger (level 5, -10/50 HPs)
             Began as an Ogre Earth Elementalist on May 3, 2023.
             Killed by divine providence
             ... invoked by an orc priest
              (12 damage)
             ... on level 4 of the Dungeon.
             The game lasted 00:03:07 (2660 turns).

jasper the Digger (Ogre Earth Elementalist)         Turns: 2660, Time: 00:03:08

Health: -10/50     AC:  4    Str: 12    XL:     5   Next: 7%
Magic:  0/10       EV:  9    Int: 18    God:
Gold:   162        SH:  0    Dex:  9    Spells: 5/11 levels left

rFire   + . .        p - +0 rapier
rCold   . . .        (no shield)
rNeg    . . .        a - +1 robe
rPois   .            (helmet restricted)
rElec   .            (no cloak)
rCorr   .            (gloves unavailable)
SInv    .            (boots unavailable)
Will    .....        (no amulet)
Stlth   +            d - ring of protection from fire
HPRegen 0.28/turn    (no ring)
MPRegen 0.12/turn

%: no passive effects
@: no status effects
A: large, unfitting armour, tough skin 1
a: no special abilities


You were on level 4 of the Dungeon.
You visited 1 branch of the dungeon, and saw 4 of its levels.

You collected 162 gold pieces.

Inventory:

Hand Weapons
 c - a +0 dagger
 m - a +0 heavy hand axe
 p - a +0 rapier (weapon)
Missiles
 f - a throwing net
 i - 2 curare-tipped darts
Armour
 a - a +1 robe (worn)
Jewellery
 d - a ring of protection from fire (left hand)
 o - an amulet of guardian spirit
Scrolls
 g - a scroll of fog
 h - 2 scrolls of noise
 r - a scroll of vulnerability {unknown}
Potions
 b - a potion of magic
 e - a potion of might {unknown}
 j - a potion of curing {unknown}
 k - a potion of mutation
 l - a potion of ambrosia
 n - a potion of resistance
 q - a potion of heal wounds {unknown}


   Skills:
 + Level 2.6 Fighting
 - Level 1.7 Dodging
 - Level 1.4 Stealth
 + Level 3.5 Spellcasting
 - Level 0.8 Transmutations
 * Level 4.1 Earth Magic


You had 5 spell levels left.
You knew the following spells:

 Your Spells              Type           Power      Damage    Failure   Level
a - Sandblast             Erth           34%        2d9       3%          1
b - Passwall              Tmut/Erth      10%        N/A       9%          2
c - Stone Arrow           Conj/Erth      20%        3d8       21%         3

Your spell library contained the following spells:

 Spells                   Type           Power      Damage    Failure   Level
 Shock                    Conj/Air       12%        1d3       16%         1
 Lesser Beckoning         Tloc           6%         N/A       24%         2
 Gell's Gravitas          Tloc           3%         N/A       43%         3
 Swiftness                Air            3%         N/A       43%         3
 Teleport Other           Tloc           3%         N/A       43%         3
 Petrify                  Tmut/Erth      12%        N/A       50%         4
 Airstrike                Air            1%         2d(1-17)  83%         4


Dungeon Overview and Level Annotations

Branches:
Dungeon (4/15)
 Temple: D:4-7

Altars:
Fedhas


Innate Abilities, Weirdness & Mutations

You are too large for most types of armour.
You have tough skin. (AC +1)


Message History

The orc priest hits you with a +2 mace of protection!
* * * LOW HITPOINT WARNING * * *
You take 9 damage, and have 13/50 hp.
You now have 3/10 mp.
Okay, then.
Aiming: Sandblast (safe; 3% risk of failure)
Press: ? - help, Q - select action, (/) - cycle Shift-Dir - straight line, f/p - orc priest
Aim: an orc priest, wielding a +2 mace of protection (heavily wounded, 82% to hit)
The blast of sand hits the orc priest but does no damage.
The orc priest is heavily wounded.
The orc priest mumbles some strange prayers to Beogh against you.
Pain shoots through your body!
* * * LOW HITPOINT WARNING * * *
You take 8 damage, and have 5/50 hp.
You now have 2/10 mp.
Aiming: Sandblast (safe; 3% risk of failure)
Press: ? - help, Q - select action, (/) - cycle Shift-Dir - straight line, f/p - orc priest
Aim: an orc priest, wielding a +2 mace of protection (heavily wounded, 82% to hit)
The blast of sand hits the orc priest but does no damage.
The orc priest is heavily wounded.
The orc priest hits you with a +2 mace of protection.
* * * LOW HITPOINT WARNING * * *
The orc priest calls down the wrath of Beogh upon you.
You struggle to resist.
You take 3 damage, and have 2/50 hp.
Aiming: Sandblast (safe; 3% risk of failure)
Press: ? - help, Q - select action, (/) - cycle Shift-Dir - straight line, f/p - orc priest
Aim: an orc priest, wielding a +2 mace of protection (heavily wounded, 82% to hit)
The blast of sand hits the orc priest.
The orc priest is heavily wounded.
The orc priest hits you with a +2 mace of protection.
* * * LOW HITPOINT WARNING * * *
You now have 1/10 mp.
Aiming: Sandblast (safe; 3% risk of failure)
Press: ? - help, Q - select action, (/) - cycle Shift-Dir - straight line, f/p - orc priest
Aim: an orc priest, wielding a +2 mace of protection (heavily wounded, 82% to hit)
The blast of sand hits the orc priest.
The orc priest is severely wounded.
The orc priest miscasts a cantrip.
The orc priest invokes the aid of Beogh against you.
Beogh smites you!
You die...

............†......#
.##.###.#....~.~.~.#
.##..##.#.....~~...#
###
###..##.#.....≈_...#
... #
#..##.#>...~~~...##.#
#
#..##.#####~..~~....#
#.....#
####....###.#≈
##..#.. #.#......#≈#
#.# #@#..###.#≈#
#o#.... ≈#
###)#.##.##
#..........
#...)......# #
#............ #
............## #
............. #
..o..##########


You could see an orc priest.

Vanquished Creatures
  4 adders
  2 worms (D:2)
  3 dart slugs
  8 orcs
  4 ball pythons
  A bat (D:2)
  11 endoplasms
  A giant cockroach (D:2)
  6 goblins
  5 hobgoblins
  3 kobolds
  2 quokkas
  7 frilled lizards
  7 rats
64 creatures vanquished.

Vanquished Creatures (others)
  2 fungi (D:3)
  A plant (D:3)
3 creatures vanquished.

Grand Total: 67 creatures vanquished

Notes
Turn   | Place    | Note
-------+----------+-------------------------------------------
     0 | D:1      | jasper the Ogre Earth Elementalist began the quest for the
                  | Orb.
     0 | D:1      | Reached XP level 1. HP: 16/16 MP: 3/3
    85 | D:1      | Reached skill level 3 in Earth Magic
    85 | D:1      | Reached XP level 2. HP: 26/26 MP: 0/5
   139 | D:1      | Learned a level 2 spell: Passwall
   141 | D:1      | Reached skill level 1 in Fighting
   454 | D:1      | Reached XP level 3. HP: 33/33 MP: 5/7
   458 | D:1      | Learned a level 3 spell: Stone Arrow
  1182 | D:2      | Identified the +1 dagger of Drought {heavy, rF+}
  1327 | D:2      | Reached XP level 4. HP: 42/42 MP: 6/8
  2389 | D:3      | Reached skill level 4 in Earth Magic
  2457 | D:3      | Found a faded altar of an unknown god.
  2601 | D:4      | Found a blossoming altar of Fedhas.
  2648 | D:4      | Reached XP level 5. HP: 44/50 MP: 7/10
  2658 | D:4      | HP: 2/50 [orc priest/+2 mace of protection (3)]
  2660 | D:4      | Killed from afar by an orc priest

Illustrated notes

Levels and vault maps discovered:
D:1:      onia_arrival_pyramid, layout_basic
D:2:      layout_loops_ring
D:3:      layout_rooms, shapermc_ecumenical_altar_mp_urbaneastern,
          nicolae_eternal_life
D:4:      layout_rooms, fedhas_altar_2, hellmonk_ghost_happy_afterlife,
          grunt_decor_cap

Skill      XL: |  1  2  3  4 |
---------------+-------------+-----
Earth Magic    | 3 4 |  4.1
Fighting       | 1 2 |  2.6
Spellcasting   | 3 |  3.5
Dodging        | |  1.7
Stealth        | |  1.4
Transmutations | |  0.8

Action                     |  1- 3 |  4- 6 || total
---------------------------+-------+-------++-------
  Melee: Rapier            |       |     4 ||     4
   Cast: Sandblast         |    55 |    47 ||   102
    Use: Scroll            |       |     8 ||     8
 Armour: Robe              |     4 |     5 ||     9
  Dodge: Dodged            |     6 |     6 ||    12

Table legend: (Time is in decaauts)
 A = Elapsed time spent in this place.
 B = Non-inter-level travel time spent in this place.
 C = Inter-level travel time spent in this place.
 D = Time resting spent in this place.
 E = Time spent auto-exploring this place.
 F = Levels seen in this place.
 G = Mean time per level.
                   A        B        C        D        E       F      G
               +--------+--------+--------+--------+--------+-----+--------+
         Total |   2708 |   2628 |     80 |    100 |   2138 |   4 |  677.0 |
       Dungeon |   2708 |   2628 |     80 |    100 |   2138 |   4 |  677.0 |
               +--------+--------+--------+--------+--------+-----+--------+

Top non-repeatable levels by time:
     D:2: 959 daAuts
     D:1: 923 daAuts
     D:3: 718 daAuts
     D:4: 107 daAuts
